 Dungeon Crawl Stone Soup version 0.26-a0-1132-ge9770dfcb6 (webtiles) character file.

Game seed: 16081952252040822795

47 tilp the Changer (level 3, 0/23 HPs)
             Began as an Octopode Transmuter on Dec 20, 2020.
             Slain by a bat (1 damage)
             ... on level 2 of the Dungeon.
             The game lasted 00:02:13 (1571 turns).

tilp the Changer (Octopode Transmuter)              Turns: 1571, Time: 00:02:14

Health: 0/23       AC:  1    Str:  9    XL:     3   Next: 70%
Magic:  3/6        EV: 13    Int: 16    God:
Gold:   47         SH:  0    Dex: 12    Spells: 3/6 levels left

rFire    . . .     SeeInvis .     - Unarmed
rCold    . . .     Faith    .   (no shield)
rNeg     . . .     Spirit   .   (helmet currently unavailable)
rPois    .         Reflect  .   (no amulet)
rElec    .         Harm     .   (no ring)
rCorr    .         Rampage  .   (no ring)
Will     .....                  (no ring)
Stlth    ++........             (no ring)
HPRegen  0.07/turn              (no ring)
MPRegen  0.10/turn              (no ring)
                                (no ring)
                                (no ring)

@: appendages, wereblooded
A: almost no armour, stealthy swim, amphibious, 8 rings, constrict 8, tentacle
spike 3, camouflage 1, gelatinous body 1
a: End Transformation


You were on level 2 of the Dungeon.
One of your tentacles had a temporary spike.
You visited 1 branch of the dungeon, and saw 2 of its levels.

You collected 47 gold pieces.

Inventory:

Missiles
 b - 14 poisoned darts
 c - 15 stones (quivered)
Jewellery
 i - an uncursed ring of flight {unknown}
Scrolls
 a - a scroll of immolation {unknown}
 d - a scroll of magic mapping {unknown}
 f - a scroll of fear
 h - a scroll of blinking {unknown}
 j - a scroll of teleportation
Potions
 e - a potion of cancellation {unknown}
 g - a potion of curing {unknown}


   Skills:
 - Level 1.0 Fighting
 - Level 2.0 Dodging
 - Level 3.0 Unarmed Combat
 - Level 2.0 Spellcasting
 + Level 3.9 Transmutations


You had 3 spell levels left.
You knew the following spells:

 Your Spells              Type           Power        Failure   Level
a - Beastly Appendage     Tmut           28%          4%          1
b - Wereblood             Tmut           14%          6%          2

Your spell library contained the following spells:

 Spells                   Type           Power        Failure   Level
 Spider Form              Tmut/Pois      3%           28%         3
 Ice Form                 Ice/Tmut       7%           67%         4
 Blade Hands              Tmut           7%           75%         5


Dungeon Overview and Level Annotations

Branches:
Dungeon (2/15)

Altars:
Vehumet


Innate Abilities, Weirdness & Mutations

You cannot wear most types of armour.
You are very stealthy in the water. (Stealth+)
You are amphibious.
You can wear up to eight rings at the same time.
You can use your tentacles to constrict eight enemies at once.
Your skin changes colour to match your surroundings (Stealth+).
Your rubbery body absorbs attacks. (AC +1, EV +1)
One of your tentacles bears a large vicious spike.


Message History

The orc priest is lightly wounded.
You constrict the orc priest, but do no damage.
The bat hits you but does no damage. The orc priest hits you.
You tentacle-slap the orc priest.
The orc priest is moderately wounded.
You constrict the orc priest. The bat hits you.
The orc hits you with a +0 hand axe.
* * * LOW HITPOINT WARNING * * *
The bat closely misses you. The orc priest hits you.
* * * LOW HITPOINT WARNING * * *
You tentacle-slap the orc priest.
You pierce the orc priest, but do no damage.
The orc priest is heavily wounded.
You constrict the orc priest. The bat misses you.
The orc hits you with a +0 hand axe!
* * * LOW HITPOINT WARNING * * *
The orc priest hits you but does no damage.
You release your grip on the orc priest.
The bat hits you.
You die...

... #.# .# #.# .# #.# .#
#.# #.# # #.# ..# #.#.#
..# ...##
.####.#.###.=### ...#
.........@bo...+ ....
.####.#.###o.### ..#
##.#.# o.# ..# #. #.#
.## #.# #.##.#.#.# #.#
#.###......#.#######†###
#......#.###.#.........#
######.#... .#.#####.#.#
. #.##### #.# #.#.# .


You could see an orc priest, an orc and a bat.

Vanquished Creatures
  An adder (D:2)
  An ooze (D:2)
  3 dart slugs (D:1)
  A giant cockroach (D:1)
  3 goblins (D:1)
  A hobgoblin (D:1)
  4 jackals (D:1)
  6 bats
  A frilled lizard (D:2)
  4 kobolds (D:1)
  4 rats (D:1)
29 creatures vanquished.

Notes
Turn   | Place    | Note
-------+----------+-------------------------------------------
     0 | D:1      | tilp the Octopode Transmuter began the quest for the Orb.
     0 | D:1      | Reached XP level 1. HP: 13/13 MP: 3/3
   133 | D:1      | Reached XP level 2. HP: 12/18 MP: 5/5
   142 | D:1      | Learned a level 2 spell: Wereblood
   734 | D:1      | Reached XP level 3. HP: 3/23 MP: 3/6
  1297 | D:2      | Found a radiant altar of Vehumet.
  1570 | D:2      | HP: 1/23 [orc/+0 hand axe (7)]
  1571 | D:2      | Slain by a bat

Illustrated notes

Levels and vault maps discovered:
D:1:      minmay_arrival_stone_box, layout_basic, st_stairs_11
D:2:      layout_basic, fiery_altar_vehumet, uniq_jessica

Skill      XL: |  1  2 |
---------------+-------+-----
Transmutations | 3 |  3.9
Fighting       | |  1.0
Dodging        | |  2.0
Unarmed Combat | |  3.0
Spellcasting   | |  2.0

Action                   || total
-------------------------++-------
Melee: Unarmed           ||    63
       Constrict         ||    17
       Tentacles         ||    10
       Kick              ||     7
 Cast: Beastly Appendage ||    18
       Wereblood         ||     2
  Use: Scroll            ||     2
       Potion            ||     1
 Stab: Sleeping          ||     5
Armor: Skin              ||     8
Dodge: Dodged            ||    44

Table legend: (Time is in decaauts)
 A = Elapsed time spent in this place.
 B = Non-inter-level travel time spent in this place.
 C = Inter-level travel time spent in this place.
 D = Time resting spent in this place.
 E = Time spent auto-exploring this place.
 F = Levels seen in this place.
 G = Mean time per level.
                   A        B        C        D        E       F      G
               +--------+--------+--------+--------+--------+-----+--------+
         Total |   1577 |   1515 |     62 |    594 |    693 |   2 |  788.5 |
       Dungeon |   1577 |   1515 |     62 |    594 |    693 |   2 |  788.5 |
               +--------+--------+--------+--------+--------+-----+--------+

Top non-repeatable levels by time:
     D:1: 1378 daAuts
     D:2: 198 daAuts
